AoeStats
← TAG_Sitaux

Arena

511609787Analyzed
2v2 RM · 13d ago on Oct 5, 2026· 44m 52s· 4 players
Game mode
Random Map
Map size
Medium (4 player)
Population
200
Speed
Normal
Resources
Standard
Victory
Conquest
Starting age
Dark Age
Ending age
Imperial Age
RankedLock teamsTeams togetherTeam positionsShared explorationLock speedFull tech treeHidden civsTurbo modeCheats
Victory
Defeat
🇺🇸 Dravidians · United States
1833
+15
🇧🇪 Khmer · Belgium
1700
+21
vs
🇫🇷 Mongols · France
2000
-26
🇨🇭 Tupi · Switzerland
1620
-10
Showbizz V3sk
10:14 Feudal Age
13:32 Castle Age
12:23 Double-Bit Axe
14:37 Bow Saw
14:30 Light Cavalry
21:02 Gold Mining
23:59 Gold Shaft Mining
26:32 Wheelbarrow
25:43 Loom
29:21 Town Watch
30:56 Stone Mining
32:17 Hand Cart
32:39 Horse Collar
33:42 Bloodlines
34:11 Husbandry
35:41 Scale Barding Armor
35:46 Forging
38:51 Imperial Age
36:53 Chain Barding Armor
38:06 Iron Casting
38:39 Masonry
40:22 Plate Barding Armor
39:22 Elite Battle Elephant
40:02 Onager
40:52 Siege Engineers
41:18 Architecture
42:07 Blast Furnace
41:17 Heavy Plow
41:02 Hussar
43:29 Hoardings
43:17 Conscription
43:34 Capped Ram
44:45 Tusk Swords
T90Official
10:21 Feudal Age
14:00 Castle Age
12:02 Horse Collar
12:37 Double-Bit Axe
15:02 Bow Saw
16:54 Heavy Plow
17:20 Loom
22:14 Wheelbarrow
23:02 Gold Mining
24:24 Ballistics
27:46 Imperial Age
25:46 Stone Mining
26:23 Fletching
27:01 Bodkin Arrow
27:30 Padded Archer Armor
28:02 Hand Cart
28:34 Bracer
30:35 Chemistry
30:54 Conscription
30:46 Husbandry
31:35 Elite Elephant Archer
32:31 Leather Archer Armor
33:50 Ring Archer Armor
34:21 Two-Man Saw
33:58 Medical Corps
34:43 Masonry
34:33 Town Watch
37:12 Coinage
37:43 Thumb Ring
39:43 Banking
40:15 Murder Holes
42:50 Scale Mail Armor
43:00 Forging
42:51 Squires
43:55 Wootz Steel
45:52 Hoardings
Smiley
10:50 Feudal Age
12:02 Loom
14:46 Castle Age
12:34 Double-Bit Axe
12:32 Horse Collar
17:02 Fletching
20:50 Bodkin Arrow
21:52 Padded Archer Armor
24:46 Ballistics
25:23 Gold Mining
27:40 Leather Archer Armor
29:20 Heavy Plow
29:33 Bow Saw
34:18 Wheelbarrow
44:04 Town Watch
44:41 Heavy Plow
TAG_Sitaux
10:51 Feudal Age
11:57 Double-Bit Axe
14:22 Castle Age
12:24 Horse Collar
14:28 Light Cavalry
15:52 Husbandry
20:52 Scale Barding Armor
21:43 Bloodlines
22:11 Heavy Plow
26:11 Bow Saw
28:40 Wheelbarrow
27:51 Loom
28:14 Gold Mining
32:43 Imperial Age
31:17 Gold Shaft Mining
32:34 Town Watch
33:05 Hand Cart
33:43 Ballistics
32:47 Capped Ram
33:27 Heavy Scorpion
34:21 Siege Engineers
34:29 Siege Ram
37:00 Chemistry
36:58 Drill
40:30 Conscription
41:13 Chain Barding Armor
43:26 Forging
Connection lost

Rejoining the realm…

Still unreachable

The connection could not be restored.

Session expired

The server has moved on; the page needs a fresh start.